 Dungeon Crawl Stone Soup version 0.27-a0-95-g5a9077b8ae (webtiles) character file.

Game seed: 17967001597566637609

69955 Mitsuki the Geomancer (level 15, -10/92 HPs)
             Began as a Gargoyle Earth Elementalist on Jan 4, 2021.
             Was the Champion of Cheibriados.
             Mangled by a white ugly thing (17 damage)
             ... on level 14 of the Dungeon on Jan 18, 2021.
             The game lasted 02:55:17 (28995 turns).

Mitsuki the Geomancer (GrEE)                       Turns: 28995, Time: 02:55:17

Health: -10/92     AC: 21    Str: 27    XL:     15   Next: 31%
Magic:  2/38       EV: 20    Int: 37    God:    Cheibriados [******]
Gold:   1558       SH:  6    Dex: 25    Spells: 13/35 levels left

rFire    + . .     SeeInvis .   q - +11 short sword of Amortisation {vorpal, rF+ rC+}
rCold    + . .     Faith    .   B - +0 buckler
rNeg     + . .     Spirit   .   P - +1 steam dragon scales
rPois    ∞         Reflect  .   i - +1 helmet
rElec    +         Harm     .   (no cloak)
rCorr    .         Rampage  .   j - +0 pair of gloves
Will     +....                  (no boots)
Stlth    +++++.....             (no amulet)
HPRegen  0.25/turn              z - ring of magical power
MPRegen  0.26/turn              r - ring of stealth

@: flying, invisible, very slow
A: big wings, negative energy resistance 1, electricity resistance, unbreathing,
petrification resistance, miasma immunity, AC +11
a: Stop Flying, Renounce Religion, Bend Time, Temporal Distortion, Slouch, Step
From Time


You were on level 14 of the Dungeon.
You worshipped Cheibriados.
Cheibriados was exalted by your worship.
You visited 3 branches of the dungeon, and saw 21 of its levels.

You collected 1558 gold pieces.

Inventory:

Hand Weapons
 q - the +11 short sword of Amortisation (weapon) {vorpal, rF+ rC+}
   (You found it on level 10 of the Dungeon)

   It inflicts extra damage upon your enemies.
   It protects you from fire.
   It protects you from cold.
 A - a +1 vampiric demon whip
 E - the +4 dagger "Diannerch" {drain, rElec rC++}
   (You found it on level 9 of the Dungeon)

   A truly terrible weapon, it drains the life of those it strikes.
   It greatly protects you from cold.
   It insulates you from electricity.
Missiles
 b - 247 stones (quivered)
 s - a throwing net
 u - 8 curare-tipped darts
Armour
 i - a +1 helmet (worn)
 j - a +0 pair of gloves (worn)
 B - a +0 buckler (worn)
 F - a +1 kite shield of protection
 P - +1 steam dragon scales (worn)
Magical Staves
 D - an uncursed staff of earth
Jewellery
 r - a ring of stealth (right hand)
 z - a ring of magical power (left hand)
 G - an uncursed ring of resist corrosion
 R - an uncursed ring of willpower
Wands
 e - a wand of random effects (36)
 l - a wand of paralysis (8)
 w - a wand of acid (5)
 I - a wand of iceblast (7)
 M - a wand of polymorph (11)
 N - a wand of disintegration (17)
Scrolls
 a - 2 scrolls of silence
 c - 5 scrolls of identify
 d - 2 scrolls of fog
 k - 2 scrolls of fear
 n - 5 scrolls of remove curse
 p - 4 scrolls of teleportation
 y - a scroll of holy word
 C - 2 scrolls of enchant weapon
 H - a scroll of vulnerability
 J - a scroll of summoning {unknown}
Potions
 g - 3 potions of heal wounds
 h - a potion of brilliance
 m - 7 potions of curing
 v - a potion of cancellation
 x - a potion of magic
Miscellaneous
 f - a lightning rod (4/4)
 t - a box of beasts


   Skills:
 + Level 10.3 Fighting
 + Level 5.5 Maces & Flails
 - Level 5.2 Armour
 + Level 8.2 Dodging
 - Level 7.0 Stealth
 - Level 4.0 Shields
 - Level 10.5 Spellcasting
 * Level 11.3 Conjurations
 - Level 1.2 Transmutations
 * Level 14.5 Earth Magic
 + Level 8.9 Invocations


You had 13 spell levels left.
You knew the following spells:

 Your Spells              Type           Power        Failure   Level
a - Sandblast             Erth           100%         0%          1
b - Stone Arrow           Conj/Erth      100%         1%          3
c - Passwall              Tmut/Erth      55%          1%          2
d - Lee's Rapid Deconstr  Erth           45%          1%          5
e - Petrify               Tmut/Erth      67%          1%          4
f - Iron Shot             Conj/Erth      43%          1%          6
g - Apportation           Tloc           38%          1%          1

Your spell library contained the following spells:

 Spells                   Type           Power        Failure   Level
 Animate Skeleton         Necr           38%          1%          1
 Corona                   Hex            21%          1%          1
 Pain                     Necr           76%          1%          1
 Shock                    Conj/Air       100%         1%          1
 Summon Small Mammal      Summ           76%          1%          1
 Dazzling Flash           Conj/Hex       100%         1%          3
 Leda's Liquefaction      Hex/Erth       32%          1%          4
 Slow                     Hex            19%          3%          2
 Inner Flame              Hex/Fire       19%          6%          3
 Portal Projectile        Hex/Tloc       38%          6%          3
 Vampiric Draining        Necr           9%           6%          3
 Animate Dead             Necr           9%           21%         4
 Cause Fear               Hex            9%           21%         4
 Passage of Golubria      Tloc           N/A          21%         4
 Starburst                Conj/Fire      28%          30%         6
 Agony                    Necr           19%          50%         5


Dungeon Overview and Level Annotations

Branches:
Dungeon (14/15)            Temple (1/1) D:6            Lair (6/6) D:10
 Shoals (0/4) Lair:3        Snake (0/4) Lair:3          Orc (0/2) D:9
 Vaults (0/5) D:13
  Slime: Lair:5-6

Altars:
Ashenzari
Cheibriados
Dithmenos
Elyvilon
Fedhas
Gozag
Hepliaklqana
Kikubaaqudgha
Makhleb
Nemelex Xobeh
Okawaru
Qazlal
Ru
Sif Muna
Trog
Uskayaw
Vehumet
Wu Jian
Xom
Yredelemnul
Zin
The Shining One

Shops:
D:5 ((((   D:13 }

Portals:
Bailey: D:14

Annotations:
D:5 Sigmund


Innate Abilities, Weirdness & Mutations

You are resistant to torment.
Your stone body is resilient. (AC +11)
You are immune to poison.
Your large and strong wings let you fly indefinitely.
You resist negative energy. (rN+)
You are resistant to electric shocks. (rElec)
You can survive without breathing.
You are immune to petrification.
You are immune to miasma.


Message History

Item here: a +0 hand axe.
The floor, spattered with blood.
Unknown command.
Unknown command.
Press: ? - help, v - describe, . - travel, g - get item
Here: a white ugly thing (severely wounded) Item here: a +0 hand axe.
The floor, spattered with blood.
Unknown command.
Unknown command.
Press: ? - help, v - describe, . - travel, g - get item
Here: a white ugly thing (severely wounded) Item here: a +0 hand axe.
The floor, spattered with blood.
You fade into invisibility!
The purple ugly thing closely misses you.
The white ugly thing kicks you.
* * * LOW HITPOINT WARNING * * *
The white ugly thing freezes you! You resist.
You die...

......# *.# *,,*
***#<.########.# **,**
#...........######,,*
#..#######......).,,*
#..# #.≈≈≈≈≈≈≈,,*
***#..# #.≈#####≈,,*
,,,cW.# #.≈#())#≈,,#
**##..#*****#.≈#.∩.#≈,.#
,,,...#*,,,,#.≈#@u.#≈.#*
,,,....,,,,,#.≈##u##≈.#
,,,,,,,,,,,,#.≈)≈u≈≈≈.#
,,,*,,,,*,,,#...Z.....#
*,,,,,,,,..uc.........#
*,,,,**,....###########
,,,,,**,....*
,,,,,,,,...,*
,,,*,,,,#..,*


You could see 3 ugly things.

Vanquished Creatures
  Rupert (Lair:3)
  Gastronok (Lair:3)
  5 boulder beetles
  4 hydras
  A catoblepas (D:13)
  4 centaur warriors
  6 two-headed ogres
  A queen ant (D:9)
  4 death yaks
  2 tengu warriors (D:14)
  Sonja (D:11)
  A wizard (D:13)
  A deep elf mage (D:12)
  3 oklob plants (Lair:5)
  2 ugly things
  3 merfolk sirens (Lair:3)
  3 cyclopes
  3 elephants
  3 black mambas
  Psyche (D:12)
  9 cane toads
  2 centaur skeletons
  Maggie (D:9)
  2 rime drakes (Lair:5)
  13 komodo dragons
  6 trolls
  A hornet (D:9)
  A merfolk (Lair:3)
  12 slime creatures
  13 blink frogs
  26 dream sheep
  Prince Ribbit (D:6)
  6 wyverns
  A vampire (D:13)
  A wraith (D:10)
  6 basilisks
  43 yaks
  A naga (Lair:3)
  Edmund (D:5)
  21 soldier ants
  Duvessa (D:6)
  12 water moccasins
  12 orc warriors
  3 ice beasts
  6 sky beasts
  4 ogres
  A black bear (D:10)
  A phantom (D:4)
  2 eyes of draining
  9 centaurs
  5 necrophages
  7 wolves
  A big kobold (D:7)
  Blork the orc (D:5)
  2 wyvern zombies
  19 bullfrogs
  4 scorpions
  Dowan (D:6)
  4 wights (D:12)
  15 killer bees
  2 howler monkeys
  2 electric eels (D:10)
  A crimson imp (D:5)
  3 centaur zombies
  A quasit (D:11)
  15 hounds
  2 bullfrog zombies
  4 bullfrog skeletons
  12 orc priests
  4 iguanas
  6 jellies
  Jessica (D:2)
  Natasha (thrice) (D:2)
  32 worker ants
  13 orc wizards
  4 hell rats
  A hound skeleton (D:9)
  A mummy (D:5)
  2 howler monkey zombies
  2 worker ant zombies
  Robin (D:2)
  4 gnolls (D:3)
  A howler monkey skeleton (D:4)
  17 adders
  A shadow imp (D:9)
  5 white imps
  14 oozes
  4 worms
  4 dart slugs
  8 leopard geckos
  68 orcs
  5 giant cockroaches
  6 hobgoblins
  10 jackals
  3 quokkas (D:2)
  8 bats
  3 frilled lizards
  23 goblins
  A hobgoblin zombie (D:5)
  A jackal zombie (D:8)
  11 kobolds
  A kobold zombie (D:5)
  5 rats
642 creatures vanquished.

Vanquished Creatures (others)
  33 fungi
  24 plants
57 creatures vanquished.

Grand Total: 699 creatures vanquished

Notes
Turn   | Place    | Note
-------+----------+-------------------------------------------
     0 | D:1      | Mitsuki the Gargoyle Earth Elementalist began the quest for
                  | the Orb.
     0 | D:1      | Reached XP level 1. HP: 10/10 MP: 3/3
    59 | D:1      | Reached XP level 2. HP: 8/15 MP: 0/5
    79 | D:1      | Reached skill level 4 in Earth Magic
   485 | D:1      | Reached XP level 3. HP: 19/19 MP: 5/7
   490 | D:1      | Learned a level 3 spell: Stone Arrow
  1059 | D:2      | Found a snail-covered altar of Cheibriados.
  1062 | D:2      | Noticed Jessica
  1069 | D:2      | Noticed Robin
  1234 | D:2      | Killed Robin
  1235 | D:2      | Reached skill level 1 in Conjurations
  1247 | D:2      | Reached XP level 4. HP: 20/24 MP: 6/8
  1317 | D:2      | Killed Jessica
  1321 | D:2      | Became a worshipper of Cheibriados the Contemplative
  1448 | D:2      | Noticed Natasha
  1452 | D:2      | Killed Natasha
  1453 | D:2      | Reached skill level 5 in Earth Magic
  1453 | D:2      | Reached XP level 5. HP: 24/28 MP: 5/9
  1621 | D:2      | Noticed Natasha
  1631 | D:2      | Killed Natasha
  1940 | D:2      | Noticed Natasha
  1947 | D:2      | Killed Natasha
  1948 | D:2      | Reached skill level 1 in Invocations
  2484 | D:3      | Reached * piety under Cheibriados
  2722 | D:3      | Reached XP level 6. HP: 27/32 MP: 7/11
  2801 | D:3      | Learned a level 2 spell: Passwall
  2808 | D:3      | Learned a level 5 spell: Lee's Rapid Deconstruction
  2832 | D:3      | Noticed a sky beast
  2856 | D:2      | Killed a sky beast
  3307 | D:3      | Reached ** piety under Cheibriados
  3781 | D:3      | Reached XP level 7. HP: 36/36 MP: 11/13
  4266 | D:4      | Reached skill level 6 in Earth Magic
  4292 | D:4      | Reached skill level 1 in Fighting
  4715 | D:4      | Reached *** piety under Cheibriados
  4876 | D:4      | Reached skill level 1 in Maces & Flails
  4876 | D:4      | Reached skill level 1 in Armour
  4937 | D:5      | Entered Level 5 of the Dungeon
  4937 | D:5      | Found an opulent altar of Gozag.
  4937 | D:5      | Found Gobiamin's Weapon Shoppe.
  4954 | D:5      | Found a shimmering altar of Xom.
  4954 | D:5      | Found Hadog's Antique Weapon Shop.
  5035 | D:5      | Reached XP level 8. HP: 36/43 MP: 9/14
  5221 | D:5      | Found Qidok's Antique Weapon Shoppe.
  5383 | D:5      | Found a radiant altar of Vehumet.
  5384 | D:5      | Found a burning altar of Makhleb.
  5386 | D:5      | Reached skill level 5 in Spellcasting
  5500 | D:5      | Noticed Blork the orc
  5502 | D:5      | Killed Blork the orc
  5607 | D:5      | Noticed Sigmund
  5690 | D:5      | Reached **** piety under Cheibriados
  5723 | D:5      | Noticed Edmund
  5731 | D:5      | Killed Edmund
  5801 | D:5      | Found Baewey's Weapon Boutique.
  6261 | D:6      | Reached XP level 9. HP: 49/49 MP: 12/17
  6291 | D:6      | Noticed Dowan
  6292 | D:6      | Noticed Duvessa
  6307 | D:6      | Killed Dowan
  6312 | D:6      | Killed Duvessa
  6388 | D:6      | Found a staircase to the Ecumenical Temple.
  6394 | Temple   | Entered the Ecumenical Temple
  6732 | D:6      | Reached skill level 7 in Earth Magic
  7052 | D:6      | Noticed Prince Ribbit
  7053 | D:6      | Killed Prince Ribbit
  7139 | D:7      | Reached skill level 5 in Conjurations
  7996 | D:7      | Reached ***** piety under Cheibriados
  9289 | D:8      | Reached skill level 8 in Earth Magic
  9289 | D:8      | Reached XP level 10. HP: 56/56 MP: 19/19
  9324 | D:8      | Found a shimmering blue altar of Sif Muna.
  9334 | D:8      | Reached skill level 1 in Shields
  9402 | D:8      | Found a basalt altar of Yredelemnul.
  9687 | D:9      | Got a smouldering dagger
  9689 | D:9      | Identified the +4 dagger "Diannerch" {drain, rElec rC++}
                  | (You found it on level 9 of the Dungeon)
  9744 | D:9      | Reached skill level 5 in Invocations
 10055 | D:9      | Found a blossoming altar of Fedhas.
 10325 | D:9      | Noticed a two-headed ogre
 10333 | D:9      | Killed a two-headed ogre
 10334 | D:9      | Reached skill level 1 in Transmutations
 10574 | D:9      | Reached ****** piety under Cheibriados
 10779 | D:9      | Upgraded the game from 0.27-a0-32-g443bf2d2ca to
                  | 0.27-a0-40-g5f2be0e231
 10855 | D:9      | Found a staircase to the Orcish Mines.
 10897 | D:9      | Reached skill level 9 in Earth Magic
 11288 | D:9      | Noticed Maggie
 11297 | D:9      | Killed Maggie
 11511 | D:10     | Entered Level 10 of the Dungeon
 11607 | D:9      | Reached XP level 11. HP: 42/62 MP: 8/21
 11612 | D:9      | Reached skill level 5 in Fighting
 11777 | D:9      | Reached skill level 5 in Armour
 11855 | D:10     | Found a staircase to the Lair.
 12551 | D:10     | Noticed a queen ant
 12637 | D:9      | Killed a queen ant
 12638 | D:9      | Reached skill level 10 in Earth Magic
 12931 | D:10     | Reached skill level 5 in Dodging
 13427 | D:10     | Got a bloodstained short sword
 13428 | D:10     | Identified the +11 short sword of Amortisation {vorpal, rF+
                  | rC+} (You found it on level 10 of the Dungeon)
 13449 | Lair:1   | Entered Level 1 of the Lair of Beasts
 13649 | Lair:1   | Reached XP level 12. HP: 63/70 MP: 24/24
 15896 | Lair:2   | Reached skill level 11 in Earth Magic
 15985 | Lair:2   | Upgraded the game from 0.27-a0-40-g5f2be0e231 to
                  | 0.27-a0-46-g34d46f0a3f
 16695 | Lair:3   | Noticed Rupert
 17405 | Lair:3   | Paralysed by Rupert for 2 turns
 17410 | Lair:3   | Paralysed by Rupert for 7 turns
 17417 | Lair:3   | Killed Rupert
 17418 | Lair:3   | Reached skill level 5 in Stealth
 17418 | Lair:3   | Reached XP level 13. HP: 30/77 MP: 6/26
 17668 | Lair:3   | Reached skill level 10 in Spellcasting
 17823 | Lair:3   | Noticed Gastronok
 17835 | Lair:3   | Killed Gastronok
 18085 | Lair:3   | Found a staircase to the Snake Pit.
 18570 | Lair:3   | Found a staircase to the Shoals.
 20216 | Lair:4   | Found a white marble altar of Elyvilon.
 20929 | Lair:5   | Learned a level 4 spell: Petrify
 21140 | Lair:5   | Reached skill level 12 in Earth Magic
 21878 | Lair:5   | Gained mutation: Your large and strong wings let you fly
                  | indefinitely. [Gargoyle growth]
 21878 | Lair:5   | Reached XP level 14. HP: 84/84 MP: 1/28
 22387 | Lair:5   | Reached skill level 10 in Conjurations
 22390 | Lair:5   | Identified the Catalogue of the Bear
 22674 | Lair:5   | Upgraded the game from 0.27-a0-46-g34d46f0a3f to
                  | 0.27-a0-74-gebd156f8b4
 22681 | Lair:5   | Learned a level 6 spell: Iron Shot
 22688 | Lair:6   | Entered Level 6 of the Lair of Beasts
 22803 | Lair:5   | Upgraded the game from 0.27-a0-74-gebd156f8b4 to
                  | 0.27-a0-91-g4f573a835d
 23156 | Lair:6   | Reached skill level 13 in Earth Magic
 24739 | D:11     | Noticed Sonja
 24747 | D:11     | Killed Sonja
 25084 | D:11     | You are sucked into a shaft and drop 2 floors!
 25489 | D:13     | Found Poqoutz's Gadget Shop.
 26783 | D:13     | Reached skill level 10 in Fighting
 26930 | D:13     | Reached skill level 14 in Earth Magic
 26990 | D:13     | Found a gate to the Vaults.
 27241 | D:12     | Noticed Psyche
 27246 | D:12     | Killed Psyche
 27249 | D:12     | Reached skill level 5 in Maces & Flails
 27249 | D:12     | Reached XP level 15. HP: 82/92 MP: 14/29
 27449 | D:12     | Identified the +2 robe "Piexow" {Harm}
 28224 | D:12     | Upgraded the game from 0.27-a0-91-g4f573a835d to
                  | 0.27-a0-95-g5a9077b8ae
 28401 | D:12     | Learned a level 1 spell: Apportation
 28953 | D:14     | Found a flagged portal.
 28995 | D:14     | Mangled by a white ugly thing

Illustrated notes

Levels and vault maps discovered:
D:1:      erik_arrival_cave_to_civilisation [erik_arrival_cave_to_temple],
          layout_rooms
D:2:      layout_basic, cheibriados_altar_1, uniq_robin, uniq_natasha,
          uniq_jessica
D:3:      layout_loops_cross, due_unseen_surprise
D:4:      layout_basic
D:5:      layout_loops_corners, xom_teletrap_fun, nicolae_gozag_seed_capital,
          grunt_temple_overflow_lords_of_destruction,
          nicolae_ossuary_entry_giza, serial_shops, shop, shop,
          nicolae_shop_trees, shop, patterned_corridor, uniq_sigmund,
          uniq_edmund, uniq_blork_the_orc
D:6:      layout_cave_pools, minmay_temple_entry_waves, serial_rivers,
          chequers_serial_rivers_micro_c, chequers_serial_rivers_micro_a,
          chequers_serial_rivers_marsh, chequers_serial_rivers_large_b,
          chequers_serial_rivers_micro_d, uniq_duvessa, uniq_prince_ribbit1
D:7:      layout_gridville
D:8:      layout_loops_ring, lemuel_doored_altar, lemuel_crystal_altar,
          abandoned_shop
D:9:      layout_roguey, david_orc_4, minivault_1, fedhas_altar_4, uniq_maggie
D:10:     layout_rooms, erik_lair_island, minivault_29
D:11:     layout_loops_cross, uniq_sonja
D:12:     layout_rooms, uniq_psyche
D:13:     layout_grid_maze, david_vaults_1, serial_shops, kennysheep_mini
D:14:     layout_loops_ring, enter_bailey_3, skrybe_limestone_x
Temple:   regret_index_temple_generic_petals
Lair:1:   lemuel_slime, layout_concentric_octagons, infiniplex_staircase_pool_2
Lair:2:   layout_regular_city, grunt_megastairs_2, infiniplex_staircase_pool
Lair:3:   layout_cave_pods, elwin_shoals_entry_stream,
          guppyfry_snake_entry_island, cheibrodos_lair_reptile_den,
          lemuel_fruit_tree, uniq_rupert, uniq_gastronok
Lair:4:   layout_cave_pods, basic_altar, grunt_megastairs_1
Lair:5:   layout_cave_pods, minmay_lair_oklob_chamber
Lair:6:   evil_forest, layout_hall_layers, slime_altar_1, grunt_megastairs_5

Skill      XL: |  1  2  3  4  5  6  7  8  9 10 11 12 13 14 15 |
---------------+----------------------------------------------+-----
Earth Magic    | 4 5 6 8 9 10 11 12 14 | 14.5
Conjurations   | 1 2 3 4 5 6 7 8 9 10 11 | 11.3
Spellcasting   | 3 4 5 6 7 8 9 10 | 10.5
Invocations    | 1 2 3 4 5 6 8 |  8.9
Fighting       | 1 2 3 4 6 7 8 10 | 10.3
Dodging        | 2 3 4 5 6 7 8 |  8.2
Maces & Flails | 1 2 3 4 5 |  5.5
Armour         | 1 2 3 4 5 |  5.2
Shields        | 3 4 |  4.0
Transmutations | 1 |  1.2
Stealth        | 5 7 |  7.0

Action                   |  1- 3 |  4- 6 |  7- 9 | 10-12 | 13-15 || total
-------------------------+-------+-------+-------+-------+-------++-------
Melee: Unarmed           |    34 |       |       |       |       ||    34
       Whip              |    24 |       |       |       |       ||    24
       Dagger            |    20 |    13 |       |       |       ||    33
       Morningstar       |       |    13 |    46 |       |       ||    59
       Staff             |       |       |       |    93 |    30 ||   123
       Demon whip        |       |       |       |       |    72 ||    72
       Short sword       |       |       |       |       |    36 ||    36
 Cast: Sandblast         |    37 |    82 |   140 |   180 |    82 ||   521
       Passwall          |       |     2 |     2 |    10 |     2 ||    16
       Stone Arrow       |       |       |    26 |   180 |   122 ||   328
       Lee's Rapid Decon |       |       |       |    36 |   128 ||   164
       Petrify           |       |       |       |       |    11 ||    11
       Iron Shot         |       |       |       |       |    57 ||    57
Invok: Temporal Distorti |       |       |       |     2 |       ||     2
       Slouch            |       |       |       |     1 |       ||     1
 Abil: Fly               |       |       |       |       |     1 ||     1
  Use: Scroll            |       |       |     9 |     9 |     7 ||    25
       Potion            |       |       |     1 |     9 |     3 ||    13
 Stab: Sleeping          |     2 |       |       |       |     1 ||     3
       Distracted        |       |       |     1 |       |     1 ||     2
Armor: Robe              |    41 |    14 |    37 |     8 |       ||   100
       Steam dragon scal |       |       |       |    79 |   116 ||   195
       Leather armour    |       |       |       |     5 |       ||     5
Dodge: Dodged            |    67 |    24 |    80 |   211 |   271 ||   653
Block: Buckler           |       |       |     1 |    81 |   121 ||   203

Table legend: (Time is in decaauts)
 A = Elapsed time spent in this place.
 B = Non-inter-level travel time spent in this place.
 C = Inter-level travel time spent in this place.
 D = Time resting spent in this place.
 E = Time spent auto-exploring this place.
 F = Levels seen in this place.
 G = Mean time per level.
                   A        B        C        D        E       F      G
               +--------+--------+--------+--------+--------+-----+--------+
         Total |  40079 |  36709 |   3370 |   6241 |  24871 |  21 | 1908.5 |
       Dungeon |  24328 |  22923 |   1405 |   2729 |  16197 |  14 | 1737.7 |
        Temple |    324 |    278 |     46 |      0 |    276 |   1 |  324.0 |
          Lair |  15426 |  13508 |   1918 |   3512 |   8398 |   6 | 2571.0 |
               +--------+--------+--------+--------+--------+-----+--------+

Top non-repeatable levels by time:
  Lair:5: 4316 daAuts
    D:13: 3740 daAuts
  Lair:1: 3349 daAuts
     D:9: 3285 daAuts
  Lair:3: 3002 daAuts
  Lair:4: 2330 daAuts
  Lair:2: 2314 daAuts
     D:7: 2008 daAuts
    D:10: 1968 daAuts
     D:5: 1846 daAuts
     D:2: 1798 daAuts
    D:11: 1616 daAuts
     D:3: 1559 daAuts
     D:6: 1460 daAuts
     D:4: 1395 daAuts
